 Dungeon Crawl Stone Soup version 0.31-a0-831-g143b1e81fc (webtiles) character file.

Game seed: 8529370159078094260

1353 Armakuni the Righteous (level 8, 69/69 HPs)
             Began as a Black Draconian Monk on Sept 24, 2023.
             Was a Follower of the Shining One.
             Quit the game on level 6 of the Dungeon.
             The game lasted 00:14:04 (5440 turns).

Armakuni the Righteous (Black Draconian Monk)       Turns: 5440, Time: 00:14:04

Health: 69/69      AC:  7    Str: 11    XL:     8   Next: 36%
Magic:  15/15      EV: 18    Int: 15    God:    the Shining One [*.....]
Gold:   302        SH:  0    Dex: 20    Spells: 7/7 levels left

rFire   . .          .
                       - Unarmed
rCold   . . .        b - orb {light}
rNeg    . . .        (body armour unavailable)
rPois   .            (helmet restricted)
rElec   +            (no cloak)
rCorr   .            (no gloves)
SInv    .            n - +0 pair of boots
Will    .....        R - amulet of regeneration
Stlth   +            E - +5 ring of evasion
HPRegen 1.11/turn    (no ring)
MPRegen 0.14/turn

%: no passive effects
@: glowing
A: breathe lightning, AC +6, unfitting armour, electricity resistance,
cold-blooded, agile 2, clever 1, robust 1
a: Breathe Lightning, Renounce Religion, Divine Shield


You were on level 6 of the Dungeon.
You worshipped the Shining One.
The Shining One was aware of your devotion.
You visited 2 branches of the dungeon, and saw 7 of its levels.

You collected 302 gold pieces.

Inventory:

Armour
 b - an orb of light (worn)
 h - a scarf of harm
 n - a +0 pair of boots (worn)
Jewellery
 E - a +5 ring of evasion (left hand)
 R - an amulet of regeneration (around neck)
Talismans
 k - a flux talisman
Wands
 m - a wand of mindburst (11)
Scrolls
 c - a scroll of enchant armour {unknown}
 f - a scroll of silence
 i - a scroll of fear
 j - 6 scrolls of teleportation
 o - a scroll of poison
 s - a scroll of acquirement {unknown}
 t - a scroll of identify
 u - 2 scrolls of immolation {unknown}
Potions
 a - 2 potions of ambrosia
 d - 3 potions of curing
 e - a potion of heal wounds
 g - 4 potions of haste
 l - 2 potions of mutation
 p - a potion of attraction {unknown}
 q - a potion of magic {unknown}
 r - a potion of cancellation {unknown}
 v - a potion of might {unknown}
 w - a potion of lignification


   Skills:
 - Level 3.3 Fighting
 - Level 2.6 Dodging
 - Level 5.0 Unarmed Combat
 - Level 9.6 Invocations
 + Level 1.3 Evocations
 - Level 2.1 Shapeshifting


You had 7 spell levels left.
You didn't know any spells.
Your spell library contained the following spells:

 Spells                   Type           Power      Damage    Failure   Level
 Inner Flame              Hex/Fire       0%         N/A       63%         3
 Yara's Violent Unravell  Hex/Tmut       0%         3d3       100%        5
 Enfeeble                 Hex            0%         N/A       100%        7


Dungeon Overview and Level Annotations

Branches:
Dungeon (6/15)             Temple (1/1) D:4

Altars:
Cheibriados
Elyvilon
Kikubaaqudgha
Makhleb
Qazlal
Ru
Sif Muna
Trog
Wu Jian
Xom
Yredelemnul
Zin
The Shining One

Shops:
D:4 (   D:6 *


Innate Abilities, Weirdness & Mutations

You can breathe wild blasts of lightning.
Your glossy black scales are hard. (AC +6)
You cannot fit into any form of body armour.
You are resistant to electric shocks. (rElec)
You are cold-blooded and may be slowed by cold attacks.
You are very agile. (Dex +8, Str/Int -2)
Your mind is acute. (Int +4, Str/Dex -1)
You are robust. (+10% HP)


Message History

The iguana bites you but does no damage.
You hit the iguana.
You kill the iguana!
The jelly barely misses you.
You hit the jelly but do no damage.
Your hands burn!
You tail-slap the jelly, but do no damage.
The jelly closely misses you.
You hit the jelly. The acid corrodes you!
Your hands burn!
The jelly is lightly wounded.
The jelly hits you.
You are splashed with acid!
You hit the jelly but do no damage.
Your hands burn!
The jelly is lightly wounded.
The jelly hits you.
You are splashed with acid!
You hit the jelly.
Your hands burn!
The jelly is heavily wounded.
The jelly barely misses you.
You hit the jelly but do no damage. The acid corrodes you!
Your hands burn!
The jelly is heavily wounded.
The jelly barely misses you.
You hit the jelly.
Your hands burn!
The jelly is severely wounded.
The jelly barely misses you.
You hit the jelly but do no damage.
Your hands burn!
The jelly is severely wounded.
The jelly closely misses you.
You hit the jelly but do no damage.
Your hands burn!
You tail-slap the jelly.
The jelly is severely wounded.
You hit the jelly.
Your hands burn!
You tail-slap the jelly.
You kill the jelly!
Your Evocations skill increases to level 1!
Found a dagger.
Saving game... please wait.
Welcome back, Armakuni the Black Draconian Monk.
The Shining One says: Lead the forces of light to victory!
Press ? for a list of commands and other information.
You start resting.
You are no longer corroded.
You start resting.
HP restored.
Are you sure you want to abandon this character and quit the game? (Confirm with "yes".)

...................#
#######...............#####
..............##..........#
#####.......##.##..#.#..#
#.##'#'###....#...#.#
#.##.#.....#....∩...#
#.##.########.#...#.#
####+##'## #..#.#..#
.......@.# #.......#
.........+ ..........
#........# #########..
#........# ### #........# #
#........# # #.....#### #
#.)... #


There were no monsters in sight!

Vanquished Creatures
  The ghost of Dirtsage the Cleaver, a novice DsFi (D:5)
  2 black bears (D:4)
  An ice beast (D:5)
  An ogre (D:5)
  A scorpion (D:5)
  2 hounds
  A jelly (D:6)
  An orc priest (D:3)
  3 sleepcaps
  Jessica (D:3)
  3 iguanas
  3 orc wizards (D:5)
  5 gnolls
  6 adders
  A white imp (D:6)
  3 ufetubi (D:5)
  6 dart slugs
  18 orcs
  8 bats
  11 endoplasms
  8 giant cockroaches
  4 goblins
  14 hobgoblins
  12 jackals
  7 kobolds
  2 quokkas
  8 ball pythons
  4 frilled lizards
  3 rats
140 creatures vanquished.

Notes
Turn   | Place    | Note
-------+----------+-------------------------------------------
     0 | D:1      | Armakuni the Draconian Monk began the quest for the Orb.
     0 | D:1      | Reached XP level 1. HP: 19/19 MP: 1/1
    98 | D:1      | Reached XP level 2. HP: 21/26 MP: 2/2
   337 | D:1      | Reached XP level 3. HP: 25/31 MP: 3/3
   700 | D:1      | Found a faded altar of an unknown god.
   989 | D:2      | Reached XP level 4. HP: 37/38 MP: 4/4
  1009 | D:2      | Reached skill level 5 in Unarmed Combat
  1411 | D:2      | Found a shimmering altar of Xom.
  1444 | D:2      | Reached skill level 1 in Shapeshifting
  1561 | D:2      | Identified the +3 leather armour "Bioddal" {Harm rF+++
                  | Str-3 Dex-4}
  1766 | D:3      | Found a burning altar of Makhleb.
  1794 | D:3      | Found a sacrificial altar of Ru.
  1948 | D:3      | Found a white marble altar of Elyvilon.
  1964 | D:3      | Reached XP level 5. HP: 40/45 MP: 5/5
  2021 | D:3      | Became a worshipper of Elyvilon the Healer
  2021 | D:3      | Reached * piety under Elyvilon
  2021 | D:3      | Reached ** piety under Elyvilon
  2076 | D:3      | Noticed Jessica
  2080 | D:3      | Killed Jessica
  2081 | D:3      | Reached skill level 1 in Invocations
  2194 | D:3      | Found an ornate altar of the Wu Jian Council.
  2372 | D:3      | Reached skill level 2 in Invocations
  2706 | D:3      | Reached skill level 3 in Invocations
  2820 | D:3      | Gained mutation: You are agile. (Dex +4, Str/Int -1)
                  | [potion of mutation]
  2820 | D:3      | Gained mutation: You are robust. (+10% HP) [potion of
                  | mutation]
  2820 | D:3      | Gained mutation: You are very agile. (Dex +8, Str/Int -2)
                  | [potion of mutation]
  2820 | D:3      | Gained mutation: Your mind is acute. (Int +4, Str/Dex -1)
                  | [potion of mutation]
  3014 | D:4      | Reached XP level 6. HP: 48/56 MP: 8/8
  3073 | D:4      | Found a bloodstained altar of Trog.
  3088 | D:4      | Reached skill level 4 in Invocations
  3096 | D:4      | Reached skill level 5 in Invocations
  3275 | D:4      | Found a staircase to the Ecumenical Temple.
  3283 | Temple   | Entered the Ecumenical Temple
  3460 | D:4      | Identified the +3 leather armour "Doiryf" {*Corrode +Blink
                  | Str+2}
  3495 | D:4      | Found Kuvvaf's Weapon Shop.
  3685 | D:4      | Your scales start taking on a glossy black colour.
  3685 | D:4      | Reached XP level 7. HP: 62/62 MP: 11/11
  3685 | D:4      | Gained mutation: You are resistant to electric shocks.
                  | (rElec) [Black Draconian growth]
  3689 | D:5      | Entered Level 5 of the Dungeon
  3707 | D:5      | Reached skill level 6 in Invocations
  3819 | D:5      | Found a runed translucent door.
  3819 | D:5      | Noticed Dirtsage's ghost (novice DsFi)
  3921 | D:5      | Reached skill level 7 in Invocations
  4153 | D:5      | Reached *** piety under Elyvilon
  4290 | Temple   | Fell from the grace of Elyvilon
  4290 | Temple   | Became a worshipper of the Shining One
  4290 | Temple   | Reached * piety under the Shining One
  4719 | D:5      | Reached skill level 8 in Invocations
  4866 | D:5      | Killed Dirtsage's ghost
  4867 | D:5      | Reached skill level 9 in Invocations
  4867 | D:5      | Reached XP level 8. HP: 69/69 MP: 11/14
  5324 | D:6      | Found a basalt altar of Yredelemnul.
  5343 | D:6      | Found Tumnihom's Overcharged Wands.
  5403 | D:6      | Reached skill level 1 in Evocations
  5440 | D:6      | Quit the game

Illustrated notes

Levels and vault maps discovered:
D:1:      dpeg_arrival_fog, layout_basic, hellmonk_ecumenical_altar_lost_god,
          moated_statue, serial_park_tiny_pond
D:2:      layout_basic, minmay_hexomino_r4
D:3:      minmay_chambers_of_twos, layout_basic,
          nicolae_ru_sacrificial_ziggurat, elyvilon_altar_5,
          nzn_wu_jian_contemplation, mainiacjoe_overflow_chevrons,
          kennysheep_flooded_box, minmay_misc_feat_x, minmay_checkerbox,
          uniq_jessica
D:4:      layout_loops_ring, trog_ov_bears_minmay,
          minmay_temple_entry_glassed_door, serial_shops, shop
D:5:      layout_loops_ring, hellmonk_ghost_happy_afterlife
D:6:      layout_basic, mainiacjoe_overflow_alcove_2,
          nicolae_overflow_hidden_temple, serial_shops, shop,
          nicolae_shop_overcharged_wands
Temple:   hellmonk_temple_flake

Skill      XL: |  1  2  3  4  5  6  7  8 |
---------------+-------------------------+-----
Unarmed Combat | 4 5 |  5.0
Shapeshifting  | 2 |  2.1
Invocations    | 3 5 9 |  9.6
Evocations     | 1 |  1.3
Fighting       | |  3.3
Dodging        | |  2.6

Action                     |  1- 3 |  4- 6 |  7- 9 || total
---------------------------+-------+-------+-------++-------
  Melee: Unarmed           |   118 |   202 |   155 ||   475
         Tailslap          |    18 |    37 |    23 ||    78
 Invoke: Divine Shield     |       |       |     1 ||     1
Ability: Breathe Lightning |       |       |     3 ||     3
  Evoke: Wand              |       |     1 |     4 ||     5
    Use: Scroll            |       |     9 |     2 ||    11
         Potion            |       |     2 |     1 ||     3
 Armour: Skin              |    70 |    91 |    84 ||   245
  Dodge: Dodged            |    79 |   125 |   129 ||   333
  Block: Orb               |       |       |     3 ||     3

Table legend: (Time is in decaauts)
 A = Elapsed time spent in this place.
 B = Non-inter-level travel time spent in this place.
 C = Inter-level travel time spent in this place.
 D = Time resting spent in this place.
 E = Time spent auto-exploring this place.
 F = Levels seen in this place.
 G = Mean time per level.
                   A        B        C        D        E       F      G
               +--------+--------+--------+--------+--------+-----+--------+
         Total |   5412 |   5180 |    232 |    197 |   3795 |   7 |  773.1 |
       Dungeon |   5372 |   5149 |    223 |    197 |   3795 |   6 |  895.3 |
        Temple |     39 |     31 |      8 |      0 |      0 |   1 |   39.0 |
               +--------+--------+--------+--------+--------+-----+--------+

Top non-repeatable levels by time:
     D:3: 1167 daAuts
     D:5: 1148 daAuts
     D:1: 921 daAuts
     D:4: 907 daAuts
     D:2: 721 daAuts
     D:6: 506 daAuts
  Temple: 39 daAuts
